Map: Catallena LE (Void)

Players

Winthrowe - Winner!

  • Race: Terran Terran
  • League: Silver
  • Spawn Location: 5:00

InIronClad

  • Race: Terran Terran
  • Spawn Location: 9:00

VOD

Have the link to the VOD?

Description

Time

  • Played on: Sept. 2, 2017, 8:48 p.m.
  • Length: 12:25
Show
View Real Time Build Order
Export as new Build Order

Winthrowe Terran - Winner!

Build Orders: MMM Bio 

Get SALT Encoding   

  12  0:03  SCV  
  13  0:15  SCV  
  14  0:32  Supply Depot  
  14  0:38  SCV  
  15  0:53  SCV  
  16  0:57  Barracks  
  16  1:05  SCV  
  17  1:17  SCV  
  18  1:29  SCV  
  19  1:42  SCV  
  20  1:54  SCV  
  21  1:56  Supply Depot  
  21  2:02  Refinery  
  21  2:06  SCV  
  22  2:09  Marine  
  23  2:18  SCV  
  24  2:27  Marine  
  24  2:28  Command Center  
  25  2:30  SCV  
  26  2:41  Barracks  
  26  2:42  SCV  
  27  2:45  Marine  
  27  2:54  SCV  
  28  3:03  Marine  
  29  3:07  Orbital Command  
  29  3:20  Marine  
  28  3:38  Marine  
  29  3:46  Supply Depot  
  29  3:56  Marine  
  30  4:06  Engineering Bay  
  30  4:15  SCV x2  
  32  4:20  Refinery  
  32  4:27  SCV x2  
  34  4:33  Refinery  
  34  4:39  SCV  
  34  4:40  SCV  
  34  4:42  Refinery  
  36  4:51  SCV, Engineering Bay  
  36  4:52  SCV  
  38  4:56  Engineering Bay  
  38  5:03  SCV  
  38  5:04  SCV  
  38  5:05  Barracks Tech Lab  
  38  5:06  Barracks Tech Lab  
  40  5:15  SCV  
  40  5:16  SCV  
  42  5:26  Sensor Tower  
  42  5:27  SCV  
  43  5:32  Marine x2  
  45  5:36  Combat Shields  
  45  5:37  Stimpack  
  45  5:45  Terran Infantry Weapons Level 1, Terran Infantry Armor Level 1  
  45  5:49  Marine  
  45  5:50  Marine  
  47  5:59  SCV x2  
  49  6:07  Marine  
  49  6:08  Marine  
  51  6:11  SCV  
  51  6:12  SCV  
  53  6:20  Factory  
  53  6:23  SCV  
  54  6:25  Ghost Academy  
  54  6:31  Marine x2, SCV  
  57  6:35  SCV  
  58  6:44  SCV  
  59  6:47  SCV  
  59  6:48  Building Armor  
  59  6:49  Marine x2  
  62  6:54  Concussive Shells  
  62  6:56  SCV  
  59  7:01  Barracks  
  59  7:07  Marine x2  
  61  7:17  Starport  
  61  7:18  Factory Reactor  
  61  7:25  Marine x2  
  63  7:31  Armory  
  63  7:42  Marine x2  
  64  8:00  Marine x2  
  54  8:18  Marine x2  
  54  8:31  Terran Infantry Armor Level 2  
  54  8:33  Terran Infantry Weapons Level 2, Factory Tech Lab  
  54  8:36  Marine x2  
  54  8:38  Barracks Reactor  
  56  8:54  Marine x2, Cyclone  
  61  8:59  Medivac x2  
  65  9:12  Marauder x2  
  69  9:20  Barracks x2  
  69  9:23  Barracks  
  69  9:25  Barracks  
  69  9:33  Marine  
  69  9:37  Marine, Supply Depot  
  69  9:38  Supply Depot x2  
  70  9:39  Supply Depot  
  70  9:41  Cyclone  
  63  10:00  Supply Depot  
  63  10:02  Marine x2, Supply Depot x2, Marauder x2  
  63  10:03  Supply Depot  
  69  10:09  Viking x2  
  69  10:13  Thor  
  79  10:20  Marine x2  
  81  10:23  Marauder x2  
  85  10:28  Command Center  
  85  10:38  Marine x2  
  85  10:39  Viking x2  
  91  10:44  Marine  
  91  10:45  Marauder  
  94  10:55  Marine  
  94  10:56  Marine  
  96  11:02  Marauder  
  98  11:06  Marauder  
  100  11:13  Marine  
  101  11:24  Marauder  
  103  11:27  Marine  
  101  11:45  Marauder x2  
Show
View Real Time Build Order
Export as new Build Order

InIronClad Terran 

Build Orders:  

Get SALT Encoding   

  12  0:02  SCV  
  13  0:21  Supply Depot  
  13  0:30  SCV  
  13  0:34  Supply Depot  
  14  0:42  SCV  
  15  0:50  Barracks  
  15  1:04  Refinery  
  15  1:05  SCV  
  16  1:18  SCV  
  17  1:30  Supply Depot, SCV  
  18  1:42  SCV  
  19  2:02  Reaper  
  20  2:12  Refinery  
  21  2:16  Orbital Command  
  20  3:06  Factory  
  20  3:39  Barracks Tech Lab  
  19  3:51  Factory  
  19  4:05  Factory Tech Lab  
  19  4:10  Marine  
  20  4:17  SCV  
  21  4:27  Hellion  
  21  4:28  Marine, Command Center  
  24  4:35  SCV  
  25  4:45  Combat Shields  
  25  4:46  Marine  
  25  4:47  SCV  
  25  4:48  Hellion  
  29  4:53  Engineering Bay  
  29  4:55  Factory Tech Lab  
  29  5:03  Marine  
  30  5:09  Hellion  
  32  5:31  Hellion  
  34  5:42  Starport  
  34  5:46  Terran Infantry Weapons Level 1  
  34  5:50  Supply Depot  
  34  5:52  Hellion  
  36  6:12  Supply Depot  
  36  6:23  Starport Tech Lab  
  36  6:35  Supply Depot  
  36  6:40  SCV  
  36  6:43  Command Center  
  37  6:52  SCV  
  28  7:02  Supply Depot  
  28  7:04  SCV  
  28  7:05  Liberator  
  29  7:15  Stimpack  
  29  7:16  SCV  
  33  7:24  Supply Depot  
  33  7:27  Siege Tank x2  
  33  7:28  SCV  
  33  7:29  Marine  
  41  7:47  Marine  
  41  7:48  Supply Depot  
  40  8:05  Marine  
  40  8:23  Marine  
  40  8:24  Medivac  
  43  8:41  Marine  
  44  8:43  Command Center  
  44  8:45  Barracks  
  44  8:49  Barracks  
  44  8:50  Orbital Command  
  44  9:03  Marine  
  45  9:19  Infernal Pre-Igniter  
  45  9:21  Marine  
  46  9:27  High Capacity Fuel Tanks  
  46  9:39  Marine  
  47  9:56  Marine  
  48  10:06  Supply Depot  
  48  10:14  Marine  
  49  10:22  Barracks Reactor  
  49  10:24  Barracks Reactor  
  49  10:28  Supply Depot  
  49  10:31  SCV  
  47  10:51  Supply Depot  
  47  10:59  Orbital Command  
  47  11:13  Supply Depot  
  47  11:18  Orbital Command  
  38  11:36  Supply Depot  
  38  11:37  Marine x2  
Tags
 
Composition
MMM Bio
League
Silver
Matchup
TvT
Race
Terran
Spawn Locations
Cross Positions
Add a new tag
Caveats
  • Supply blocks, unpowered buildings, or Contaminate may cause inaccurate times.
  • Supply counts are checked every 10 seconds.